 Dungeon Crawl Stone Soup version 0.31-a0-232-gb1c03b2570 (webtiles) character file.

Game seed: 8707802413228068543

251 qw the Shooter (level 6, -2/37 HPs)
             Began as a Gargoyle Hexslinger on July 7, 2023.
             Was an Initiate of Okawaru.
             Slain by an orc wizard
             ... wielding a +3 dagger
              (4 damage)
             ... on level 6 of the Dungeon.
             The game lasted 00:01:03 (3033 turns).

qw the Shooter (Gargoyle Hexslinger)                Turns: 3033, Time: 00:01:04

Health: -2/37      AC: 10    Str: 11    XL:     6   Next: 13%
Magic:  7/7        EV: 10    Int: 14    God:    Okawaru [......]
Gold:   104        SH:  0    Dex: 14    Spells: 6/7 levels left

rFire   . . .        Y - +2 sling
rCold   . . .        (no shield)
rNeg    + . .        d - +0 ring mail
rPois   inf          (no helmet)
rElec   +            (no cloak)
rCorr   .            (no gloves)
SInv    .            c - +0 pair of boots
Will    .....        l - amulet of the acrobat
Stlth   +            (no ring)
HPRegen 0.26/turn    (no ring)
MPRegen 0.10/turn

%: acrobat
@: no status effects
A: sickness immunity, AC +4, negative energy resistance 1, electricity
resistance, torment resistance 1, petrification resistance
a: Renounce Religion


You were on level 6 of the Dungeon.
You worshipped Okawaru.
Okawaru was noncommittal.
You visited 2 branches of the dungeon, and saw 7 of its levels.

You collected 104 gold pieces.


Innate Abilities, Weirdness & Mutations

You are immune to sickness and miasma.
Your stone body is resilient. (AC +4)
You are immune to poison.
You resist negative energy. (rN+)
You are resistant to electric shocks. (rElec)
You are resistant to unholy torment.
You are immune to petrification.


   Skills:
 - Level 3.0 Fighting
 + Level 5.3 Ranged Weapons
 - Level 1.5 Armour
 - Level 1.5 Dodging
 - Level 1.0 Spellcasting
 - Level 2.6 Hexes


You had 6 spell levels left.
You knew the following spells:

 Your Spells              Type           Power      Damage    Failure   Level
a - Slow                  Hex            32%        N/A       21%         1

Your spell library contained the following spells:

 Spells                   Type           Power      Damage    Failure   Level
 Inner Flame              Hex/Fire       4%         N/A       71%         3
 Portal Projectile        Hex/Tloc       8%         N/A       71%         3
 Cause Fear               Hex            4%         N/A       90%         4

Inventory:

Hand Weapons
 Y - a +2 sling (weapon)
Armour
 c - a +0 pair of boots (worn)
 d - a +0 ring mail (worn)
Jewellery
 b - a ring of fire
 l - an amulet of the acrobat (around neck)
Scrolls
 h - a scroll of identify
Potions
 a - a potion of attraction {unknown}
 e - 2 potions of might
 f - 2 potions of curing
 g - a potion of heal wounds {unknown}
 i - a potion of lignification {unknown}
 j - a potion of magic {unknown}
 k - a potion of resistance {unknown}
 m - a potion of mutation {unknown}

Dungeon Overview and Level Annotations

Branches:
Dungeon (7/15)             Temple (1/1) D:4

Altars:
Cheibriados
Dithmenos
Elyvilon
Fedhas
Gozag
Kikubaaqudgha
Makhleb
Nemelex Xobeh
Okawaru
Ru
Sif Muna
Trog
Uskayaw
Vehumet
Wu Jian
Xom
Yredelemnul
Zin
The Shining One


Message History

You shoot a sling bullet.
The sling bullet barely misses the orc wizard.
The orc wizard hits you with a +4 dagger.
The orc misses you.
You shoot a sling bullet.
The sling bullet closely misses the orc wizard.
The orc wizard hits you with a +4 dagger.
The orc barely misses you. Something hits you but does no damage.
The orc wizard hits you with a +4 dagger.
The orc hits you but does no damage.
You shoot a sling bullet. The sling bullet hits the orc wizard.
You kill the orc wizard!
Okawaru accepts your kill. The orc barely misses you.
Something hits you but does no damage.
You shoot a sling bullet.
The sling bullet closely misses the orc.
The orc barely misses you. Something hits you but does no damage.
You shoot a sling bullet. The sling bullet barely misses the orc.
The orc hits you from afar with a +0 trident.
You hear some strange, mumbled words.
You are confused.
You hear some strange, mumbled words.
A magic dart appears from out of thin air!
The magic dart hits you! The orc closely misses you.
3029 ||| DRINKING 3 potions of curing.
You feel better.
3029 ||| (to cure confusion)
The orc hits you from afar with a +0 trident.
You shoot a sling bullet. The sling bullet barely misses the orc.
The orc hits you from afar with a +0 trident.
Something hits you.
You shoot a sling bullet. The sling bullet hits the orc!
You kill the orc!
Okawaru accepts your kill. The orc barely misses you.
Something hits you but does no damage.
You shoot a sling bullet. The sling bullet barely misses the orc.
The orc barely misses you. Something hits you.
You shoot a sling bullet. The sling bullet hits the orc.
The orc is moderately wounded.
The orc barely misses you. Something hits you.
You die...

#########
......{@#
#.#.#.#)#
.. o.. #.
.#.#. ..
.......
#. .# #.#
#. # ##
#.# .#
#.# #


You could see an orc.

Vanquished Creatures
  2 electric eels (D:7)
  Natasha (twice) (D:4)
  An iguana (D:4)
  An orc wizard (D:6)
  An adder (D:3)
  A white imp (D:6)
  3 worms (D:2)
  4 dart slugs
  An orc (D:6)
  5 endoplasms
  4 giant cockroaches
  2 goblins
  A hobgoblin (D:3)
  5 jackals
  6 kobolds
  2 quokkas
  3 ball pythons
  2 bats
  2 frilled lizards (D:1)
  5 rats
53 creatures vanquished.

Notes
Turn   | Place    | Note
-------+----------+-------------------------------------------
     0 | D:1      | qw the Gargoyle Hexslinger began the quest for the Orb.
     0 | D:1      | Reached XP level 1. HP: 12/12 MP: 2/2
     0 | D:1      | 0 ||| qw: Version: 0.3-a-46-gb1f654a
     0 | D:1      | 0 ||| qw: Game counter: 2882
     0 | D:1      | 0 ||| qw: Melee chars always use a shield: true
     0 | D:1      | 0 ||| qw: God list: Okawaru
     0 | D:1      | 0 ||| qw: Allow faded altars: false
     0 | D:1      | 0 ||| qw: Do Orc after clearing Dungeon:15 true
     0 | D:1      | 0 ||| qw: Do second Lair branch before Depths: true
     0 | D:1      | 0 ||| qw: Lair rune preference: random
     0 | D:1      | 0 ||| qw: Goals: Normal
     0 | D:1      | 0 ||| PLANNING D:1-11
     6 | D:1      | Noticed a redback
     6 | D:1      | Noticed a water moccasin
     7 | D:1      | Noticed a wyvern
     7 | D:1      | Noticed a black bear
    92 | D:1      | Reached XP level 2. HP: 16/16 MP: 3/3
   193 | D:1      | Reached skill level 3 in Ranged Weapons
   712 | D:1      | 712 ||| UPGRADING to +0 ring mail.
   722 | D:1      | 722 ||| DROPPING +0 robe.
   723 | D:1      | 723 ||| READING scroll labelled URAUGHI YCLUVO.
   724 | D:1      | 724 ||| READING scroll labelled NAJIMAEFUI.
   725 | D:1      | 725 ||| READING scroll labelled FAOTRUQUER.
   726 | D:1      | 726 ||| DRINKING 2 fuming clear potions.
   727 | D:1      | 727 ||| DRINKING 2 emerald potions.
   728 | D:1      | 728 ||| DROPPING scroll of poison.
   768 | D:2      | Reached XP level 3. HP: 21/21 MP: 4/4
   838 | D:2      | Found a faded altar of an unknown god.
  1203 | D:2      | Found an ornate altar of the Wu Jian Council.
  1540 | D:2      | 1540 ||| READING scroll labelled NYOSHRI FODYME.
  1541 | D:2      | 1541 ||| DRINKING 2 metallic puce potions.
  1542 | D:2      | 1542 ||| DROPPING potion of brilliance.
  2105 | D:3      | Reached XP level 4. HP: 22/26 MP: 5/5
  2121 | D:3      | 2121 ||| UPGRADING to +0 pair of boots.
  2126 | D:3      | 2126 ||| READING scroll labelled OSHROM TUBB.
  2127 | D:3      | 2127 ||| READING scroll labelled CEGOME HAUPP.
  2240 | D:4      | Reached skill level 1 in Armour
  2305 | D:4      | Found a staircase to the Ecumenical Temple.
  2306 | D:4      | 2306 ||| PLANNING TEMPLE
  2312 | Temple   | Entered the Ecumenical Temple
  2364 | Temple   | 2364 ||| PLANNING OKAWARU WORSHIP
  2435 | Temple   | Became a worshipper of Warmaster Okawaru
  2436 | Temple   | 2436 ||| PLANNING D:1-11
  2544 | D:4      | Noticed Natasha
  2551 | D:4      | Killed Natasha
  2552 | D:4      | Reached skill level 4 in Ranged Weapons
  2725 | D:4      | Noticed Natasha
  2734 | D:4      | Killed Natasha
  2735 | D:4      | Reached XP level 5. HP: 21/30 MP: 6/6
  2824 | D:4      | You fall into a shaft and drop 3 floors!
  2866 | D:7      | Reached skill level 5 in Ranged Weapons
  2916 | D:7      | 2916 ||| UPGRADING to amulet of the acrobat.
  2922 | D:7      | 2922 ||| FLEEEEING.
  3014 | D:7      | 3014 ||| FLEEEEING.
  3015 | D:7      | 3015 ||| FLEEEEING.
  3016 | D:7      | 3016 ||| STAIRDANCE
  3020 | D:6      | Reached skill level 3 in Fighting
  3020 | D:6      | Reached XP level 6. HP: 23/37 MP: 7/7
  3028 | D:6      | HP: 3/37 [something/magic dart (9)]
  3029 | D:6      | 3029 ||| DRINKING 3 potions of curing.
  3029 | D:6      | 3029 ||| (to cure confusion)
  3032 | D:6      | HP: 1/37 [something (4)]
  3033 | D:6      | Slain by an orc wizard

Levels and vault maps discovered:
D:1:      onia_arrival_zoo_common, layout_basic, minmay_large_rounded_square
D:2:      layout_basic, hellmonk_ecumenical_altar_crossroads, serial_forest,
          infiniplex_forest_side_room, infiniplex_forest_end_double,
          infiniplex_forest_clump_small, infiniplex_forest_lined_corner,
          infiniplex_forest_diagonal, infiniplex_forest_lined_room_,
          infiniplex_forest_clump_double, basic_altar
D:3:      layout_basic
D:4:      layout_rooms, mainiacjoe_overflow_tiny_flanked,
          minmay_temple_entry_arrows, chequers_serial_rivers_room_b,
          nrook_uturn, uniq_natasha
D:6:      layout_basic, st_stairs_13, uniq_sigmund
D:7:      kennysheep_slugbush, layout_loops_ring,
          nicolae_hepliaklqana_hazy_memory, biasface_ghost_orc_armoury,
          hangedman_decor_riveting, amcnicky_mini_corridor_feature, uniq_joseph
Temple:   compressed_dpeg_circular_temple

Skill      XL: |  1  2  3  4  5 |
---------------+----------------+-----
Ranged Weapons | 3 4 5 |  5.3
Fighting       | 2 3 |  3.0
Armour         | 1 |  1.5
Dodging        | |  1.5
Spellcasting   | |  1.0
Hexes          | |  2.6

Action                     |  1- 3 |  4- 6 || total
---------------------------+-------+-------++-------
   Fire: Sling             |   146 |    81 ||   227
    Use: Scroll            |     4 |     2 ||     6
         Potion            |     3 |     1 ||     4
 Armour: Robe              |    33 |       ||    33
         Ring mail         |    16 |    20 ||    36
  Dodge: Dodged            |    61 |    27 ||    88

Table legend:
 A = Non-vault XP
 B = Vault XP
 C = Vault XP percentage of total XP
 D = Non-vault monster count
 E = Vault monster count
 F = Vault count percentage of total count
                 A         B        C        D         E       F
            +---------+---------+-------+---------+---------+-------
      Total |     310 |      49 |  13.6 |      49 |       4 |   7.5
            +---------+---------+-------+---------+---------+-------
        D:1 |      31 |       0 |   0.0 |      19 |       0 |   0.0
        D:2 |      27 |       0 |   0.0 |      10 |       0 |   0.0
        D:3 |      31 |       0 |   0.0 |      12 |       0 |   0.0
        D:4 |      73 |      37 |  33.6 |       3 |       1 |  25.0
        D:6 |      46 |       0 |   0.0 |       3 |       0 |   0.0
        D:7 |     102 |      12 |  10.5 |       2 |       3 |  60.0
            +---------+---------+-------+---------+---------+-------
